 Dungeon Crawl Stone Soup version 0.28-a0-1348-g050f3537b9 (webtiles) character file.

Game seed: 10394010746481483503

39 Deminshera the Ruffian (level 3, -2/33 HPs)
             Began as a Ghoul Monk on Dec 30, 2021.
             Was a Believer of Qazlal.
             Slain by Sigmund (7 damage)
             ... on level 3 of the Dungeon.
             The game lasted 00:01:25 (1389 turns).

Deminshera the Ruffian (Ghoul Monk)                 Turns: 1389, Time: 00:01:25

Health: -2/33      AC:  8    Str: 16    XL:     3   Next: 47%
Magic:  2/2        EV: 11    Int:  5    God:    Qazlal [**....]
Gold:   82         SH:  2    Dex: 11    Spells: 2/2 levels left

rFire   . . .      SeeInvis .     - Unarmed
rCold   + . .      Faith    +   (no shield)
rNeg    + + +      Spirit   .   e - +0 chain mail
rPois   ∞          Reflect  .   (no helmet)
rElec   .          Harm     .   (no cloak)
rCorr   .          Rampage  .   (no gloves)
Will    .....                   (no boots)
Stlth   ..........              a - amulet of faith
HPRegen 0.00/turn               g - +4 ring of evasion
MPRegen 0.08/turn               (no ring)

@: inhibited regen
A: claws 1, cold resistance 1, negative energy resistance 3, inhibited
regeneration, torment resistance 2
a: Renounce Religion, Upheaval


You were on level 3 of the Dungeon.
You worshipped Qazlal.
Qazlal was pleased with you.
You visited 1 branch of the dungeon, and saw 3 of its levels.

You collected 82 gold pieces.

Inventory:

Armour
 e - a +0 chain mail (worn)
Jewellery
 a - an amulet of faith (around neck)
 g - a +4 ring of evasion (left claw)
Scrolls
 d - 4 scrolls of identify {unknown}
 f - a scroll of enchant armour {unknown}
Potions
 b - a potion of might {unknown}
 c - 3 potions of curing {unknown}


   Skills:
 + Level 3.8 Fighting
 - Level 2.6 Dodging
 - Level 2.1 Stealth
 * Level 4.4 Unarmed Combat


You had 2 spell levels left.
You didn't know any spells.
Your spell library was empty.

Dungeon Overview and Level Annotations

Branches:
Dungeon (3/15)

Altars:
Qazlal

Annotations:
D:3 Sigmund


Innate Abilities, Weirdness & Mutations

You thrive by killing the living.
You are immune to poison.
You have sharp fingernails.
Your flesh is cold resistant. (rC+)
You are immune to negative energy. (rN+++)
You do not regenerate when monsters are visible.
You are immune to unholy pain and torment.


Message History

d - 3 scrolls labelled TINOINL AR HUNNOD (gained 1)
There is a stone staircase leading up here.
A goblin comes into view. It is wielding a +0 dagger.
Found a club.
The goblin shouts!
The goblin moves out of view.
You see here a scroll labelled TINOINL AR HUNNOD.
d - 4 scrolls labelled TINOINL AR HUNNOD (gained 1)
Found a leather armour.
The goblin misses you.
You closely miss the goblin. The goblin hits you but does no damage.
You scratch the goblin.
You kill the goblin!
Qazlal accepts your kill.
No target in view!
Things that are here:
a +0 dagger; a goblin corpse Sigmund the Dreaded comes into view.
He is wielding a +0 scythe and wearing a +2 robe of willpower.
Sigmund shouts!
Sigmund casts a spell.
Sigmund flickers and vanishes!
Deactivating autopickup; reactivate with Ctrl-A.
You see here 13 gold pieces.
You now have 82 gold pieces (gained 13).
Something hits you.
You scratch something but do no damage.
You hear some strange, mumbled words.
A magic dart appears from out of thin air!
The magic dart hits you.
You barely miss something. You block something's attack.
You miss something. You closely miss something. Something hits you.
You miss something. Something hits you.
You scratch something but do no damage. You miss something. Something hits you!
* * * LOW HITPOINT WARNING * * *
You barely miss something. You barely miss something. Something hits you.
* * * LOW HITPOINT WARNING * * *
You barely miss something. Something hits you!
You die...

### ... ..#
#.#.# #)#.#
.#########.#{#
........##.#@#
.[.......#.#.#
.........#.#.#
.........#.#.#
#.#
.......)...#.#
#.#
........#..#.#
#.#
........#..#.#
#.#
#########....#
#.# ##...# #.#


There were no monsters in sight!

Vanquished Creatures
  A worm (D:2)
  3 bats (D:2)
  A giant cockroach (D:1)
  5 goblins
  7 hobgoblins
  5 jackals (D:1)
  4 kobolds
  2 quokkas
  A ball python (D:1)
  2 rats
31 creatures vanquished.

Notes
Turn   | Place    | Note
-------+----------+-------------------------------------------
     0 | D:1      | Deminshera the Ghoul Monk began the quest for the Orb.
     0 | D:1      | Reached XP level 1. HP: 19/19 MP: 0/0
    55 | D:1      | Reached XP level 2. HP: 20/26 MP: 1/1
   712 | D:1      | Reached skill level 4 in Unarmed Combat
   852 | D:2      | Reached XP level 3. HP: 23/33 MP: 2/2
  1312 | D:3      | Found a stormy altar of Qazlal.
  1331 | D:3      | Became a worshipper of Qazlal Stormbringer
  1331 | D:3      | Reached * piety under Qazlal
  1331 | D:3      | Reached ** piety under Qazlal
  1375 | D:3      | Noticed Sigmund
  1389 | D:3      | Slain by Sigmund

Illustrated notes

Levels and vault maps discovered:
D:1:      dpeg_arrival_central, layout_basic
D:2:      layout_rooms
D:3:      layout_basic, mainiacjoe_overflow_alcove_2,
          mainiacjoe_overflow_chevrons, uniq_sigmund

Skill      XL: |  1  2 |
---------------+-------+-----
Unarmed Combat | 4 |  4.4
Fighting       | |  3.8
Dodging        | |  2.6
Stealth        | |  2.1

Action                   || total
-------------------------++-------
Melee: Unarmed           ||   115
 Stab: Sleeping          ||     1
Armor: Robe              ||    10
       Chain mail        ||    39
Dodge: Dodged            ||    83
Block: Other             ||     1

Table legend: (Time is in decaauts)
 A = Elapsed time spent in this place.
 B = Non-inter-level travel time spent in this place.
 C = Inter-level travel time spent in this place.
 D = Time resting spent in this place.
 E = Time spent auto-exploring this place.
 F = Levels seen in this place.
 G = Mean time per level.
                   A        B        C        D        E       F      G
               +--------+--------+--------+--------+--------+-----+--------+
         Total |   1378 |   1357 |     21 |    175 |    936 |   3 |  459.3 |
       Dungeon |   1378 |   1357 |     21 |    175 |    936 |   3 |  459.3 |
               +--------+--------+--------+--------+--------+-----+--------+

Top non-repeatable levels by time:
     D:1: 827 daAuts
     D:2: 475 daAuts
     D:3: 75 daAuts
